 Dungeon Crawl Stone Soup version 0.21-a0-396-ga924934 (webtiles) character file.

219 tof the Slasher (level 5, -1/42 HPs)
             Began as a Minotaur Monk on Oct 19, 2017.
             Was a Believer of Hepliaklqana.
             Slain by a spatial maelstrom (12 damage)
             ... on level 1 of the Abyss.
             The game lasted 00:08:33 (2502 turns).

tof the Slasher (Minotaur Monk)                     Turns: 2502, Time: 00:08:34

Health: -1/42      AC:  6    Str: 17    XL:     5   Next: 63%
Magic:  4/4        EV: 11    Int: 10    God:    Hepliaklqana [**....]
Gold:   195        SH:  0    Dex: 12    Spells: 4/4 levels left

rFire    + . .     SeeInvis .   a - +0 falchion
rCold    + . .     Gourm    +   (no shield)
rNeg     . . .     Faith    .   o - +0 scale mail
rPois    .         Spirit   .   (helmet restricted)
rElec    .         Reflect  .   q - scarf {rC+ rF+}
rCorr    .         Harm     .   (no gloves)
MR       .....                  (no boots)
Stlth    +.........             h - amulet of the gourmand
HPRegen  0.14/turn              s - +3 ring of intelligence
MPRegen  0.09/turn              y - ring of stealth

@: no status effects
A: retaliatory headbutt, reduced essence, horns 2
a: Recall Ancestor, Ancestor Identity, Renounce Religion


You were on level 1 of the Abyss.
You worshipped Hepliaklqana.
Hepliaklqana was pleased with you.
You were completely stuffed.

You visited 1 branch of the dungeon, and saw 3 of its levels.
You visited the Abyss 1 time.

You collected 195 gold pieces.

Inventory:

Hand Weapons
 a - a +0 falchion (weapon)
Missiles
 g - 20 poisoned needles
 r - 8 javelins (quivered)
Armour
 o - a +0 scale mail (worn)
 q - a scarf of resistance (worn)
Jewellery
 h - an amulet of the gourmand (around neck)
 s - a +3 ring of intelligence (left hand)
 y - a ring of stealth (right hand)
Scrolls
 d - 2 scrolls of teleportation
 k - a scroll of enchant armour
 l - a scroll of remove curse
 n - a scroll of amnesia {unknown}
 t - 2 scrolls of blinking {unknown}
 w - a scroll of fog {unknown}
Potions
 b - a potion of agility {unknown}
 e - a potion of flight {unknown}
 f - a potion of degeneration {unknown}
 m - 2 potions of haste {unknown}
 p - 2 potions of curing {unknown}
Comestibles
 c - 2 bread rations
 i - 4 royal jellies
 x - a meat ration


   Skills:
 + Level 4.5 Fighting
 * Level 5.4 Long Blades
 * Level 3.6 Armour
 + Level 4.1 Dodging
 - Level 1.5 Stealth


You had 4 spell levels left.
You didn't know any spells.

Dungeon Overview and Level Annotations

Branches:
Dungeon (3/15)

Altars:
Hepliaklqana
Makhleb


Innate Abilities, Weirdness & Mutations

You reflexively headbutt those who attack you in melee.
You have a pair of horns on your head.
Your life essence is reduced to manifest your ancestor. (-10% HP)


Message History

There is an open door here.
Found a sedimented emerald potion.
There is a corrupted altar of Lugonu here.
e - a sedimented emerald potion Dangalf emerges from the mists of memory!
Found 13 gold pieces.
You start resting.
A spatial maelstrom manifests with a bang!
A spatial vortex comes into view.
A spatial vortex comes into view.
You hit the spatial vortex but do no damage.
You headbutt the spatial vortex.
The spatial vortex is lightly damaged.
The spatial maelstrom hits you! Space bends around you.
The spatial maelstrom hits you. Space bends around you.
* * * LOW HITPOINT WARNING * * *
Dangalf hits the spatial maelstrom with a quarterstaff!
The spatial maelstrom hits you but does no damage.
The spatial maelstrom hits you!
You die...

. #. .# ### ## .##
# . . # ..###. #...
.## # #..v . . . .
#..# . .. . . .
#@## . ... . #.v# #
##...§... .
###R#...###.... ..
#......v......§. .
######.#.##........
######. ..#.# .....
. $ ..+. .. .#


You could see the friendly Dangalf the battlemage, a spatial maelstrom and 2
spatial vortices.

Vanquished Creatures
  A hound (D:3)
  2 adders (D:3)
  4 gnolls (D:3)
  An ooze (D:2)
  2 dart slugs (D:1)
  2 worms (D:2)
  3 leopard geckos
  5 orcs (D:3)
  8 bats
  4 giant cockroaches
  7 goblins
  3 hobgoblins
  4 kobolds
  2 quokkas (D:2)
  A ball python (D:2)
  5 frilled lizards
  5 rats
59 creatures vanquished.

Vanquished Creatures (collateral kills)
  An orc wizard (D:3)
  2 gnolls (D:3)
  A dart slug (D:3)
  3 orcs (D:3)
  A ball python (D:3)
  A bat (D:3)
  A rat (D:3)
10 creatures vanquished.

Vanquished Creatures (others)
  A battlemage (D:3)
1 creature vanquished.

Grand Total: 70 creatures vanquished

Notes
Turn   | Place    | Note
-------+----------+-------------------------------------------
     0 | D:1      | tof the Minotaur Monk began the quest for the Orb.
     0 | D:1      | Reached XP level 1. HP: 19/19 MP: 0/0
    82 | D:1      | Reached skill level 1 in Armour
   114 | D:1      | Reached XP level 2. HP: 26/27 MP: 1/1
   206 | D:1      | Reached skill level 4 in Long Blades
   868 | D:2      | Reached XP level 3. HP: 33/33 MP: 2/2
   878 | D:2      | Found a hazy altar of Hepliaklqana.
  1287 | D:2      | Became a worshipper of Hepliaklqana the Forgotten
  1287 | D:2      | Reached * piety under Hepliaklqana
  1287 | D:2      | Reached ** piety under Hepliaklqana
  1288 | D:2      | Remembered your ancestor Dangalf as a battlemage
  1721 | D:3      | Reached XP level 4. HP: 34/36 MP: 3/3
  1966 | D:3      | Reached skill level 5 in Long Blades
  1966 | D:3      | Reached XP level 5. HP: 28/42 MP: 4/4
  2170 | D:3      | Found a burning altar of Makhleb.
  2415 | D:3      | Cast into level 1 of the Abyss (gnoll)
  2415 | Abyss:1  | Found a corrupted altar of Lugonu.
  2439 | Abyss:1  | Noticed a small abomination
  2494 | Abyss:1  | Noticed a spatial maelstrom
  2500 | Abyss:1  | Noticed a spatial vortex
  2501 | Abyss:1  | Noticed a spatial vortex
  2502 | Abyss:1  | Slain by a spatial maelstrom

Vault maps used:
D:1:      co_arrival_square_in_a_square_in_a_square
D:2:      overflow_temple_1_default, small_statue_intersection
D:3:      lemuel_coloured_pillars_altar, first_bread,
          makhleb_blood_cavern_becter
Abyss:1:  minivault_1

Skill      XL: |  1  2  3  4  5 |
---------------+----------------+-----
Armour         | 1 2 3 |  3.6
Long Blades    | 4 5 |  5.4
Fighting       | 4 |  4.5
Dodging        | 4 |  4.1
Stealth        | |  1.5

Action                   |  1- 3 |  4- 6 || total
-------------------------+-------+-------++-------
Melee: Falchion          |    71 |    38 ||   109
       Headbutt          |    16 |    16 ||    32
Invok: Ancestor Life: Ba |     1 |       ||     1
       Ancestor Identity |     1 |       ||     1
  Use: Scroll            |       |     5 ||     5
 Stab: Sleeping          |     3 |       ||     3
       Distracted        |       |     1 ||     1
  Eat: Chunk             |    15 |     3 ||    18
Armor: Robe              |     2 |       ||     2
       Leather armour    |    16 |     6 ||    22
       Scale mail        |       |     2 ||     2
Dodge: Dodged            |    53 |    32 ||    85
       Rpst.: Falchion   |    15 |     6 ||    21

Table legend:
 A = Spawn XP
 B = Non-spawn XP
 C = Spawn XP percentage of total XP
 D = Spawn monster count
 E = Non-spawn monster count
 F = Spawn count percentage of total count
 G = Total turns spent on level
                    A         B        C        D         E        F      G
               +---------+---------+-------+---------+---------+-------+---------
         Total |       0 |     313 |   0.0 |       0 |      69 |   0.0 |  2502
               +---------+---------+-------+---------+---------+-------+---------
           D:1 |       0 |      33 |   0.0 |       0 |      19 |   0.0 |   786
           D:2 |       0 |      51 |   0.0 |       0 |      24 |   0.0 |   880
           D:3 |       0 |     229 |   0.0 |       0 |      26 |   0.0 |   749
               +---------+---------+-------+---------+---------+-------+---------
